 Dungeon Crawl Stone Soup version 0.18-a0-1799-g6250cb2 (webtiles) character file.

3308 Lokkij the Carver (level 9, -1/63 HPs)
             Began as a Demonspawn Abyssal Knight on Apr 23, 2016.
             Was a High Priest of Lugonu.
             Slain by a queen bee (8 damage)
             ... on level 8 of the Dungeon.
             The game lasted 00:46:21 (7246 turns).

Lokkij the Carver (Demonspawn Abyssal Knight)       Turns: 7246, Time: 00:46:21

Health: -1/63      AC: 13    Str: 13    XL:     9   Next: 70%
Magic:  13/13      EV: 13    Int: 14    God:    Lugonu [*****.]
Gold:   460        SH:  0    Dex: 15    Spells: 0 memorised, 8 levels left

rFire  . . .     SeeInvis +     s - +0 scimitar (elec)
rCold  . . .     Gourm    +     H - +4 ring mail
rNeg   . . .     Faith    .     (no shield)
rPois  .         Spirit   .     I - +0 helmet
rElec  .         Dismiss  .     (no cloak)
rCorr  .         Reflect  .     (no gloves)
SustAt .         Harm     .     (no boots)
MR     .....                    g - amulet of the gourmand
Stlth  +++.......               o - +3 ring of protection
                                x - ring of see invisible

@: not resistant to hostile enchantments, fairly stealthy
A: claws 1, talons 1, nightstalker 2, powered by death 1
a: Depart the Abyss, Bend Space, Banish, Corrupt, Enter the Abyss, Renounce
Religion


You were on level 8 of the Dungeon.
You worshipped Lugonu.
Lugonu was extremely pleased with you.
You were completely stuffed.

You visited 2 branches of the dungeon, and saw 9 of its levels.
You visited the Abyss 1 time.
You also visited: Bailey.

You collected 617 gold pieces.
You spent 157 gold pieces at shops.

Inventory:

Hand Weapons
 a - a +1 falchion
 h - the +8 dagger "Wourexta" {elec, rC+, unknown}
   (You found it on level 7 of the Dungeon)

   Occasionally, upon striking a foe, it will discharge some electrical energy
   and cause terrible harm.
   It protects you from cold.
 s - a +0 scimitar of electrocution (weapon)
 F - the +5 demon trident "Taguckapt" {flame, +Blink rElec MP+9 Dex-4 Stlth+, unknown}
   (You found it in a bailey)

   It has been specially enchanted to burn those struck by it, causing extra
   injury to most foes and up to half again as much damage against particularly
   susceptible opponents.
   It affects your dexterity (-4).
   It insulates you from electricity.
   It affects your magic capacity (+9).
   It lets you blink.
   It makes you more stealthy.
Armour
 C - the +2 cloak of Rotation {*Contam +Fly rElec Dex-4}
   (You found it on level 6 of the Dungeon)

   It affects your dexterity (-4).
   It insulates you from electricity.
   It lets you fly.
   It causes magical contamination when unequipped.
 H - a +4 ring mail (worn)
 I - a +0 helmet (worn)
Jewellery
 d - an uncursed amulet of dismissal
 g - an amulet of the gourmand (around neck)
 k - a +2 ring of intelligence
 o - a +3 ring of protection (right claw)
 x - a ring of see invisible (left claw)
Wands
 u - a wand of acid (4/15)
 w - a wand of flame (10/48)
 y - a wand of disintegration (9/24)
 A - a wand of flame (23/48)
Scrolls
 e - 4 scrolls of enchant armour
 l - 2 scrolls of teleportation
 n - a scroll of blinking
 p - 4 scrolls of amnesia
 r - a scroll of noise {unknown}
 J - a scroll of recharging
Potions
 b - a potion of agility {unknown}
 f - 2 potions of curing
 t - a potion of heal wounds {unknown}
 v - a potion of degeneration {unknown}
 z - 2 potions of resistance {unknown}
 B - a potion of berserk rage {unknown}
 E - a potion of magic {unknown}
Books
 D - a book of Power

   Spells                             Type                      Level
   a - Fulminant Prism                Conjuration/Hexes            4
   b - Iskenderun's Mystic Blast      Conjuration                  4
   c - Venom Bolt                     Conjuration/Poison           5
   d - Bolt of Magma                  Conjuration/Fire/Earth       5
   e - Iron Shot                      Conjuration/Earth            6
   f - Orb of Destruction             Conjuration                  7
   g - Spellforged Servitor           Conjuration/Summoning        7
Miscellaneous
 G - a plain deck of summoning
Comestibles
 c - 4 bread rations
 i - 2 slices of pizza
 j - 6 meat rations
 m - 2 beef jerkies
 q - 4 fruits


   Skills:
 - Level 3.0 Fighting
 * Level 10.6 Long Blades
 - Level 1.7 Armour
 + Level 5.7 Dodging
 - Level 6.0 Invocations


You had 8 spell levels left.
You didn't know any spells.

Dungeon Overview and Level Annotations

Branches:
Dungeon (8/15)             Temple (1/1) D:5
   Lair: D:8-11

Altars:
Ashenzari
Cheibriados
Dithmenos
Elyvilon
Fedhas
Gozag
Kikubaaqudgha
Okawaru
Pakellas
Ru
Sif Muna
Trog
Xom
Zin

Shops:
D:5 (

Annotations:
D:4 Edmund


Innate Abilities, Weirdness & Mutations

You have sharp fingernails.
You have sharp toenails.
You are significantly more attuned to the shadows.
You regenerate a little health from kills.


Message History

The queen bee stings you!
* * * LOW HITPOINT WARNING * * *
You are more poisoned.
The queen bee poisons you!
Drink which item? (? for menu, Esc to quit)
You feel better. The queen bee stings you!
* * * LOW HITPOINT WARNING * * *
You hit the queen bee but do no damage.
The queen bee is almost dead.
The queen bee stings you.
* * * LOW HITPOINT WARNING * * *
Drink which item? (? for menu, Esc to quit)
Okay, then.
You closely miss the queen bee.
The queen bee is almost dead.
The queen bee barely misses you.
Press: ? - help, Shift-Dir - straight line, f - queen bee
Aim: a queen bee (almost dead, chance to defeat MR: 84%)
You fail to use your ability.
The queen bee stings you!
You die...

..# ..#.......#
..#.......#
..#.......#.....
..#.......#.....
..#.<.....#.....
..#..(.)..#.....
..##'####.#....y######
..#....##.######@....#
..#............#.....#
..'............#.....#
..#............#.....#
..####+##......#.....#
.##....##......#.....#
.#.....##....###.....#
.#.....##....#####'###
.#.....#............#


You could see a queen bee.

Vanquished Creatures
  Duvessa (D:7)
  A phantom (D:5)
  An orc warrior (D:6)
  An ice beast (D:7)
  2 ogres
  A black bear (D:6)
  A necrophage (D:8)
  5 centaurs
  Blork the orc (D:5)
  4 giant frogs
  Dowan (D:7)
  9 killer bees (D:8)
  2 scorpions
  A howler monkey (D:6)
  2 crimson imps
  A gnoll shaman (D:7)
  3 orc priests
  3 hounds
  A centaur skeleton (D:7)
  2 iguanas
  7 orc wizards
  7 worker ants
  A hound zombie (D:5)
  A worker ant zombie (D:5)
  4 gnolls
  7 adders
  2 shadow imps
  An ooze (D:3)
  2 adder skeletons
  2 worms
  3 dart slugs (D:2)
  2 giant geckos (D:3)
  31 orcs
  9 bats
  7 giant cockroaches
  12 goblins
  9 hobgoblins
  13 jackals
  12 kobolds
  A quokka (D:7)
  A ball python (D:2)
  A giant cockroach zombie (D:5)
  5 giant newts
  7 rats
190 creatures vanquished.

Vanquished Creatures (others)
  An orc knight (Bailey)
  A kobold demonologist (D:8)
  5 orc warriors
  A centaur (D:4)
  An iguana (D:5)
  4 orcs (Bailey)
  5 goblins (Bailey)
  2 hobgoblins (Bailey)
  16 kobolds (Bailey)
36 creatures vanquished.

Grand Total: 226 creatures vanquished

Notes
Turn   | Place    | Note
--------------------------------------------------------------
     0 | Abyss:1  | Lokkij the Demonspawn Abyssal Knight began the quest for the Orb.
     0 | Abyss:1  | Reached XP level 1. HP: 18/18 MP: 2/2
    29 | D:1      | Escaped the Abyss
   116 | D:1      | Reached skill level 2 in Long Blades
   185 | D:1      | Gained mutation: You have sharp toenails. [demonic ancestry]
   185 | D:1      | Reached XP level 2. HP: 17/24 MP: 3/3
   472 | D:1      | Reached skill level 3 in Long Blades
   479 | D:1      | Reached ** piety under Lugonu
   811 | D:1      | Gained mutation: You regenerate a little health from kills. [demonic ancestry]
   811 | D:1      | Reached XP level 3. HP: 23/29 MP: 4/4
  1453 | D:2      | Reached XP level 4. HP: 16/35 MP: 5/5
  1613 | D:2      | Reached skill level 4 in Long Blades
  1877 | D:2      | Reached *** piety under Lugonu
  2799 | D:3      | Gained mutation: You are slightly more attuned to the shadows. [demonic ancestry]
  2799 | D:3      | Reached XP level 5. HP: 41/41 MP: 7/7
  3047 | D:4      | Reached skill level 5 in Long Blades
  3077 | D:4      | Noticed a centaur
  3086 | D:4      | Noticed Edmund
  3089 | D:4      | Banished a centaur
  3105 | D:5      | Entered Level 5 of the Dungeon
  3322 | D:5      | Noticed Blork the orc
  3344 | D:5      | Killed Blork the orc
  3344 | D:5      | Reached XP level 6. HP: 19/47 MP: 9/9
  3606 | D:5      | Reached **** piety under Lugonu
  3606 | D:5      | Reached skill level 6 in Long Blades
  3804 | D:5      | Found an oddly glowing altar of Pakellas.
  4081 | D:5      | Found Liewnem's Antique Weapon Shoppe.
  4084 | D:5      | Bought a runed scimitar for 84 gold pieces
  4084 | D:5      | Bought a runed long sword for 73 gold pieces
  4110 | D:5      | Reached skill level 5 in Invocations
  4110 | D:5      | Gained mutation: You have sharp fingernails. [demonic ancestry]
  4110 | D:5      | Reached XP level 7. HP: 43/52 MP: 10/10
  4318 | D:5      | Found a staircase to the Ecumenical Temple.
  4470 | Temple   | Entered the Ecumenical Temple
  4918 | D:5      | Reached skill level 7 in Long Blades
  5030 | D:6      | Reached skill level 1 in Dodging
  5087 | D:6      | Reached XP level 8. HP: 58/58 MP: 12/12
  5151 | D:6      | Found a glowing silver altar of Zin.
  5151 | D:6      | Noticed an angel
  5312 | D:6      | Reached skill level 8 in Long Blades
  5377 | D:6      | Got a warped cloak
  5378 | D:6      | Identified the +2 cloak of Rotation {*Contam +Fly rElec Dex-4} (You found it on level 6 of the Dungeon)
  5755 | D:7      | Noticed Dowan
  5788 | D:7      | Got an iridescent dagger
  5803 | D:7      | Noticed Duvessa
  5813 | D:7      | Killed Duvessa
  5815 | D:7      | Reached skill level 9 in Long Blades
  5823 | D:7      | Killed Dowan
  5893 | D:7      | Gained mutation: You are significantly more attuned to the shadows. [demonic ancestry]
  5893 | D:7      | Reached XP level 9. HP: 32/63 MP: 13/13
  5986 | D:7      | Found a flagged portal.
  5995 | Bailey   | Entered a bailey
  6008 | Bailey   | Corrupted Bailey
  6008 | Bailey   | Noticed a blizzard demon
  6008 | Bailey   | Noticed an ice devil
  6008 | Bailey   | Noticed a large abomination
  6008 | Bailey   | Noticed a smoke demon
  6008 | Bailey   | Noticed an orange demon
  6008 | Bailey   | Noticed a thrashing horror
  6008 | Bailey   | Noticed a starcursed mass
  6009 | Bailey   | Noticed a worldbinder
  6009 | Bailey   | Noticed a thrashing horror
  6009 | Bailey   | Noticed an apocalypse crab
  6020 | Bailey   | Noticed an efreet
  6030 | Bailey   | Killed an orc knight
  6031 | Bailey   | Noticed a tentacled starspawn
  6036 | Bailey   | Noticed a flayed ghost
  6083 | Bailey   | Noticed a bone dragon
  6327 | Bailey   | Got a brightly glowing demon trident
  6612 | D:8      | Noticed a kobold demonologist
  6614 | D:8      | Found an oddly glowing altar of Pakellas.
  6702 | D:8      | Found a bloodstained altar of Trog.
  6763 | D:8      | Reached skill level 10 in Long Blades
  6763 | D:8      | Reached skill level 5 in Dodging
  6897 | D:8      | Banished a kobold demonologist
  7114 | D:8      | Reached ***** piety under Lugonu
  7225 | D:8      | Noticed a queen bee
  7246 | D:8      | Slain by a queen bee

Vault maps used:
D:1:      minmay_arrival_stair_chambers
D:2:      lemuel_upstairs_altar, first_bread
D:4:      nicolae_tso_besieged_by_evil,
          grunt_temple_overflow_lords_of_destruction, lemuel_doored_altar,
          uniq_edmund
D:5:      minmay_temple_entry_junction, serial_shops, shop,
          grunt_pakellas_sulfur, uniq_blork_the_orc
D:6:      zin_angel, nrook_uturn
D:7:      enter_bailey_2, uniq_duvessa
D:8:      lemuel_crystal_altar, lemuel_crystal_altar, basic_altar,
          david_nohive_1, hangedman_abyss_or_decor_clamps
Temple:   circular_temple_pool_12
Bailey:   bailey_axe_1, bailey

Skill      XL: |  1  2  3  4  5  6  7  8  9 |
---------------+----------------------------+-----
Long Blades    | 2 3 4 5 6 7 9 10 | 10.6
Invocations    | 4 5 6 |  6.0
Dodging        | 1 4 5 |  5.7
Fighting       | |  3.0
Armour         | |  1.7

Action                   |  1- 3 |  4- 6 |  7- 9 || total
-------------------------+-------+-------+-------++-------
Melee: Falchion          |   133 |   269 |       ||   402
       Kick              |    17 |    61 |    62 ||   140
       Scimitar          |       |     6 |   307 ||   313
Invok: Banish            |       |     2 |     2 ||     4
       Bend Space        |       |       |     1 ||     1
       Corrupt           |       |       |     1 ||     1
  Use: Scroll            |     4 |     5 |     2 ||    11
       Potion            |       |     1 |     6 ||     7
 Stab: Sleeping          |       |       |    10 ||    10
  Eat: Chunk             |     9 |    12 |    13 ||    34
Armor: Leather armour    |    23 |    46 |    45 ||   114
       Ring mail         |       |       |    91 ||    91
Dodge: Dodged            |    91 |   135 |   271 ||   497
